 Dungeon Crawl Stone Soup version 0.20.0-10-g0535bb4 (webtiles) character file.

293 JeffiDaFish the Shield-Bearer (level 6, -8/38 HPs)
             Began as a Gargoyle Fighter on June 3, 2017.
             Splashed by Ijyb's acid (10 damage)
             ... on level 3 of the Dungeon.
             The game lasted 00:03:35 (2086 turns).

JeffiDaFish the Shield-Bearer (Gargoyle Fighter)    Turns: 2086, Time: 00:03:35

Health: -8/38      AC: 16    Str: 19    XL:     6   Next: 33%
Magic:  6/6        EV:  5    Int:  9    God:
Gold:   92         SH: 12    Dex: 11    Spells: 5/5 levels left

rFire    . . .     SeeInvis .   a - +1 flail
rCold    . . .     Gourm    .   c - +0 shield
rNeg     + . .     Faith    .   h - +1 chain mail
rPois    ∞         Spirit   .   (no helmet)
rElec    +         Reflect  +   (no cloak)
rCorr    .         Harm     .   (no gloves)
MR       .....                  e - +0 pair of boots
Stlth    ..........             i - +3 amulet of reflection
Regen    0.2/turn               (no ring)
MPRegen  0.1/turn               (no ring)

@: no status effects
A: negative energy resistance 1, electricity resistance, unbreathing,
petrification resistance, rot immunity, AC +4
a: no special abilities


You were on level 3 of the Dungeon.
You were not hungry.

You visited 1 branch of the dungeon, and saw 3 of its levels.

You collected 92 gold pieces.

Inventory:

Hand Weapons
 a - a +1 flail (weapon)
Armour
 c - a +0 shield (worn)
 e - a +0 pair of boots (worn)
 h - a +1 chain mail (worn)
Jewellery
 i - a +3 amulet of reflection (around neck)
Scrolls
 k - a scroll of fear
Potions
 j - 2 potions of cancellation
Comestibles
 b - a royal jelly
 f - 3 bread rations
 g - 3 chunks of flesh
 l - a meat ration


   Skills:
 + Level 4.2 Fighting
 + Level 4.2 Maces & Flails
 + Level 4.3 Armour
 + Level 0.7 Dodging
 + Level 0.8 Stealth
 + Level 4.4 Shields


You had 5 spell levels left.
You didn't know any spells.

Dungeon Overview and Level Annotations

Branches:
Dungeon (3/15)

Altars:

Annotations:
D:3 Ijyb


Innate Abilities, Weirdness & Mutations

You are resistant to torment.
Your stone body is resilient. (AC +4)
You are immune to poison.
You resist negative energy. (rN+)
You are resistant to electric shocks. (rElec)
You can survive without breathing.
You are immune to petrification.
You are immune to rotting.


Message History

Your shield prevents you from hitting Ijyb.
You block Ijyb's attack.
Unknown command.
You closely miss Ijyb.
Ijyb zaps a wand.
The bolt of acid hits you!
You are splashed with acid!
The acid burns!
* * * LOW HITPOINT WARNING * * *
It is a wand of acid (?/15).
Unknown command.
You are too injured to fight recklessly!
You are too injured to fight recklessly!
You closely miss Ijyb. Ijyb completely misses you.
You sock Ijyb!
Ijyb is moderately wounded.
You block Ijyb's attack. Ijyb barely misses you.
Your shield and chain mail prevent you from hitting Ijyb.
Ijyb is moderately wounded.
Ijyb zaps a wand.
The bolt of acid hits you!
* * * LOW HITPOINT WARNING * * *
You are splashed with acid!
The acid burns!
You die...

+...............#
#)..............###
'.................#
#)..........#####.#
#...........##....#
#...........##....#
######.......)....#
............#
.........@.#
#####....#g#
#....#.#
###########....#..
#........#######...
#.......># .#.#
##........# .#..
.'........## .#.##
##...).....#


You could see Ijyb.

Vanquished Creatures
  Sigmund (D:3)
  5 gnolls
  An adder (D:3)
  An ooze (D:1)
  2 worms
  A dart slug (D:1)
  2 leopard geckos (D:1)
  A giant cockroach (D:1)
  7 goblins
  6 hobgoblins
  15 jackals
  7 bats
  2 frilled lizards
  9 kobolds
  4 rats
64 creatures vanquished.

Notes
Turn   | Place    | Note
-------+----------+-------------------------------------------
     0 | D:1      | JeffiDaFish the Gargoyle Fighter began the quest for the Orb.
     0 | D:1      | Reached XP level 1. HP: 14/14 MP: 1/1
    75 | D:1      | Reached XP level 2. HP: 13/19 MP: 2/2
   435 | D:1      | Reached XP level 3. HP: 5/24 MP: 3/3
  1123 | D:2      | Reached XP level 4. HP: 13/29 MP: 4/4
  1821 | D:3      | Noticed Sigmund
  1845 | D:3      | Killed Sigmund
  1845 | D:3      | Reached XP level 5. HP: 18/33 MP: 5/5
  1845 | D:3      | Reached XP level 6. HP: 21/38 MP: 6/6
  2069 | D:3      | Noticed Ijyb
  2086 | D:3      | Splashed by Ijyb's acid

Skill      XL: |  1  2  3  4 |
---------------+-------------+-----
Armour         | 4 |  4.3
Shields        | 4 |  4.4
Fighting       | 4 |  4.2
Maces & Flails | 4 |  4.2
Dodging        | |  0.7
Stealth        | |  0.8

Action                   |  1- 3 |  4- 6 || total
-------------------------+-------+-------++-------
Melee: Flail             |   178 |    98 ||   276
  Use: Potion            |     5 |     1 ||     6
       Scroll            |     6 |     3 ||     9
  Eat: Chunk             |     1 |     3 ||     4
Armor: Scale mail        |    13 |       ||    13
       Chain mail        |   143 |    49 ||   192
Dodge: Dodged            |    60 |    23 ||    83
Block: Shield            |   115 |    75 ||   190
       Reflection        |       |     4 ||     4
